cohdb
Replays
Latest Replays
All Replays
Popular Replays
Top Player Replays
Match Explorer
How It Works
Community
CoH3 Stats
Reddit
Sign in to upload your games and track your stats! →
Sign in with Steam
Match 44685576
Unlisted
Match 44685576
Overview
Messages
Build Orders
End
Royal Engineer Section
Construct Section Command Post
Selects Canadian Shock Battlegroup
Dingo Light Scout Car
Infantry Section
Infantry Section
Construct Platoon Command Post
Selects Attacking Spirit
Selects Canadian Shock Section
Vickers Machine Gun Team
Unlock M3 Stuart Light Tanks
M3 Stuart Light Tank
M3 Stuart Light Tank
Selects Incendiary Munitions
Canadian Shock Section
M3 Stuart Light Tank
Light Vehicle Training
Construct Field Infirmary
Selects Pyrotechnics
Construct Company Command Post
Canadian Shock Section
Selects Churchill Crocodile Heavy Tank
Grenade Package
6-pounder Anti-tank Gun Team
6-pounder Anti-tank Gun Team
Churchill Crocodile Heavy Tank
Canadian Shock Section
Selects Point Assault
Point Assault
DrewP
Doping Dolphin
0
0
Comments
sign in to comment!
No comments posted yet!